 Dungeon Crawl Stone Soup version 0.31-b1-22-gc680215f68 (webtiles) character file.

Game seed: 18088003088767121095

281 PaiMei the Grave Robber (level 6, 0/44 HPs)
             Began as a Demonspawn Necromancer on Jan 18, 2024.
             Succumbed to a scorpion's poison
             ... on level 4 of the Dungeon.
             The game lasted 00:05:38 (3992 turns).

PaiMei the Grave Robber (Demonspawn Necromancer)    Turns: 3992, Time: 00:05:38

Health: 0/44       AC: 12    Str:  5 (8)  XL:     6   Next: 6%
Magic:  0/11       EV: 12    Int: 16 (18) God:
Gold:   136        SH:  4    Dex: 10 (13) Spells: 7/11 levels left

rFire   . . .        g - +0 dagger
rCold   . . .        (no shield)
rNeg    . . .        a - +0 robe
rPois   .            (no helmet)
rElec   .            v - +2 cloak
rCorr   .            (no gloves)
SInv    .            m - +0 pair of boots
Will    .....        (no amulet)
Stlth   ++           (no ring)
HPRegen 0.27/turn    (no ring)
MPRegen 0.12/turn

%: no passive effects
@: lethally poisoned (0 -> -8), sanguine armoured
A: sanguine armour 1, condensation shield, demonic magic 1
a: no special abilities


You were on level 4 of the Dungeon.
You visited 1 branch of the dungeon, and saw 4 of its levels.

You collected 136 gold pieces.

Inventory:

Hand Weapons
 g - a +0 dagger (weapon)
Armour
 a - a +0 robe (worn)
 c - a +0 cloak
 m - a +0 pair of boots (worn)
 o - a +0 kite shield
 v - a +2 cloak (worn)
Magical Staves
 k - a staff of death
Talismans
 t - a blade talisman
Wands
 r - a wand of charming (14)
Scrolls
 e - 2 scrolls of blinking {unknown}
 f - 7 scrolls of identify {unknown}
 h - 4 scrolls of fear {unknown}
 i - 2 scrolls of poison {unknown}
 l - a scroll of amnesia {unknown}
 n - 2 scrolls of enchant weapon {unknown}
 p - 2 scrolls of enchant armour {unknown}
 s - a scroll of torment {unknown}
 u - a scroll of teleportation {unknown}
 w - a scroll of revelation {unknown}
Potions
 b - 2 potions of magic
 d - a potion of degeneration
 j - 2 potions of curing {unknown}
 q - a potion of brilliance {unknown}


   Skills:
 + Level 2.2 Fighting
 + Level 3.3 Dodging
 - Level 2.3 Stealth
 + Level 3.3 Spellcasting
 + Level 5.5 Necromancy


You had 7 spell levels left.
You knew the following spells:

 Your Spells              Type           Power      Damage    Failure   Level
a - Necrotise             Necr           80%        1d8       1%          1
b - Vampiric Draining     Necr           20%        2d7       5%          3

Your spell library contained the following spells:

 Spells                   Type           Power      Damage    Failure   Level
 Freeze                   Ice            8%         1d3       19%         1
 Magic Dart               Conj           8%         1d3       19%         1
 Animate Dead             Necr           20%        N/A       19%         4
 Blink                    Tloc           4%         N/A       26%         2
 Call Imp                 Summ           4%         N/A       26%         2
 Curse of Agony           Necr           20%        N/A       45%         5
 Frozen Ramparts          Ice            4%         1d1       47%         3
 Hailstorm                Conj/Ice       2%         3d5       47%         3
 Summon Ice Beast         Ice/Summ       2%         N/A       47%         3
 Sculpt Simulacrum        Ice/Alch       1%         N/A       100%        6


Dungeon Overview and Level Annotations

Branches:
Dungeon (4/15)             Temple (0/1) D:4

Altars:


Innate Abilities, Weirdness & Mutations

When seriously injured, your blood forms armour. (AC +6)
A meltable shield of frost defends you. (SH +4)
Spells you cast may paralyse adjacent enemies.


Message History

You feel sick.
Your magical contamination has completely faded away.
You feel sick.
The orc priest calls down the wrath of Beogh upon you.
Beogh smites you! The scorpion stings you.
You feel sick. The scorpion attacks as it pursues you!
The scorpion closely misses you.
You feel sick.
You are no longer poisoned.
The scorpion stings you.
* * * LOW HITPOINT WARNING * * *
There is an open door here.
The scorpion stings you.
* * * LOW HITPOINT WARNING * * *
Casting: Vampiric Draining (dangerous; 5% risk of failure)
Confirm with . or Enter, or press ? or * to list all spells.
You don't have enough magic to cast this spell.
The scorpion attacks as it pursues you! The scorpion stings you.
* * * LOW HITPOINT WARNING * * *
You are lethally poisoned!
The scorpion poisons you!
Casting: Vampiric Draining (dangerous; 5% risk of failure)
Confirm with . or Enter, or press ? or * to list all spells.
Aiming: Vampiric Draining (dangerous; 5% risk of failure)
Press: ? - help, Shift-Dir - straight line, f/p - scorpion
Aim: a scorpion (severely wounded)
You draw life force from the scorpion!
You kill the scorpion!
You feel life coursing into your body. Malevolent energies surge around you.
* * * LOW HITPOINT WARNING * * *
You feel very sick.
Your Fighting skill increases to level 2!
You have reached level 6!
Your demonic ancestry asserts itself...
You feel your blood ready itself to protect you.
It was a potion of degeneration.
There was something very wrong with that liquid.
You feel weakened.
You feel dopey.
You feel clumsy.
Your blood congeals into armour.
You die...

...#######......#
...#....##......#
...#...>##......#
...#....##......#
.o.#....##......#
.oo'....o'o.....#
####....##......# ##########
#....####'###########.........
+.........oK†@......'.........
#....####.###########...(.....
#....# #.# #......... #....#
#.# #......... ####.. #>#
########## #.######## ########
#.#......###......#
#.#...............####
#.............)...'...


You could see an orc and a kobold.

Vanquished Creatures
  A scorpion (D:4)
  2 bombardier beetles (D:4)
  5 gnolls
  3 adders
  A ribbon worm (D:3)
  3 dart slugs
  4 orcs
  6 bats (D:1)
  5 endoplasms
  5 giant cockroaches
  3 goblins
  4 hobgoblins
  2 jackals (D:3)
  4 kobolds
  5 quokkas
  9 ball pythons
  A frilled lizard (D:2)
  3 rats
66 creatures vanquished.

Vanquished Creatures (collateral kills)
  An orc (D:3)
1 creature vanquished.

Grand Total: 67 creatures vanquished

Notes
Turn   | Place    | Note
-------+----------+-------------------------------------------
     0 | D:1      | PaiMei the Demonspawn Necromancer began the quest for the
                  | Orb.
     0 | D:1      | Reached XP level 1. HP: 13/13 MP: 3/3
   298 | D:1      | Found a faded altar of an unknown god.
   464 | D:1      | Gained mutation: A meltable shield of frost defends you.
                  | (SH +4) [demonic ancestry]
   464 | D:1      | Reached XP level 2. HP: 16/19 MP: 0/5
  1238 | D:2      | Gained mutation: Spells you cast may paralyse adjacent
                  | enemies. [demonic ancestry]
  1238 | D:2      | Reached XP level 3. HP: 24/24 MP: 1/6
  1802 | D:2      | Learned a level 3 spell: Vampiric Draining
  2020 | D:3      | Reached XP level 4. HP: 31/31 MP: 1/7
  2330 | D:3      | Reached skill level 1 in Fighting
  2330 | D:3      | Reached skill level 5 in Necromancy
  3430 | D:4      | Reached XP level 5. HP: 35/37 MP: 6/9
  3933 | D:4      | Found a staircase to the Ecumenical Temple.
  3992 | D:4      | Gained mutation: When seriously injured, your blood forms
                  | armour. (AC +6) [demonic ancestry]
  3992 | D:4      | Reached XP level 6. HP: 2/44 MP: 0/11
  3992 | D:4      | Succumbed to a scorpion's poison

Illustrated notes

Levels and vault maps discovered:
D:1:      hellmonk_arrival_library, layout_rooms, serial_forest,
          infiniplex_forest_lined_3, infiniplex_forest_lined_2,
          infiniplex_forest_clump_C, infiniplex_forest_clump_small,
          infiniplex_forest_lined_4_way, infiniplex_forest_lined_3_way,
          infiniplex_forest_clump_cross, infiniplex_forest_clump_small,
          shapermc_ecumenical_altar_totnotflames, minmay_cut_off
D:2:      layout_rooms
D:3:      layout_basic, lemuel_flame_loot_1
D:4:      layout_basic, minmay_temple_entry_proselytizer

Skill      XL: |  1  2  3  4  5 |
---------------+----------------+-----
Dodging        | 2 3 |  3.3
Stealth        | 2 |  2.3
Fighting       | 1 2 |  2.2
Necromancy     | 5 |  5.5
Spellcasting   | 3 |  3.3

Action                     |  1- 3 |  4- 6 || total
---------------------------+-------+-------++-------
  Melee: Unarmed           |    27 |       ||    27
         Punch             |     1 |       ||     1
         Dagger            |     4 |     4 ||     8
   Cast: Necrotise         |    75 |    61 ||   136
         Vampiric Draining |       |     6 ||     6
    Use: Potion            |       |     1 ||     1
   Stab: Paralysed         |     1 |     3 ||     4
 Armour: Robe              |    19 |    16 ||    35
  Dodge: Dodged            |    17 |    13 ||    30
  Block: Other             |     7 |       ||     7
